 Dungeon Crawl Stone Soup version 0.20.0-15-g7f486f2 (webtiles) character file.

105 CODWOMAN the Chiller (level 4, 0/30 HPs)
             Began as a Demonspawn Ice Elementalist on June 22, 2017.
             Succumbed to a kobold's poison
             ... on level 3 of the Dungeon.
             The game lasted 00:17:23 (2661 turns).

CODWOMAN the Chiller (Demonspawn Ice Elementalist)  Turns: 2661, Time: 00:17:23

Health: 0/30       AC:  8    Str:  8    XL:     4   Next: 54%
Magic:  4/8        EV: 10    Int: 18    God:
Gold:   111        SH:  0    Dex: 13    Spells: 7/8 levels left

rFire    . . .     SeeInvis .   (no weapon)
rCold    . . .     Gourm    .   (no shield)
rNeg     . . .     Faith    .   e - +0 ring mail
rPois    .         Spirit   .   i - +0 helmet
rElec    .         Reflect  .   (no cloak)
rCorr    .         Harm     .   (no gloves)
MR       .....                  (no boots)
Stlth    +.........             (no amulet)
Regen    0.1/turn               (no ring)
MPRegen  0.2/turn               (no ring)

@: lethally poisoned (0 -> -8), very slightly contaminated
A: claws 1, slimy green scales 1, powered by pain 1
a: no special abilities


You were on level 3 of the Dungeon.
You were not hungry.

You visited 1 branch of the dungeon, and saw 3 of its levels.

You collected 111 gold pieces.

Inventory:

Hand Weapons
 d - a +0 dagger
 f - a +0 short sword
Missiles
 g - 5 curare-tipped needles
Armour
 a - a +0 robe
 e - a +0 ring mail (worn)
 i - a +0 helmet (worn)
Scrolls
 j - a scroll of recharging {unknown}
 k - a scroll of random uselessness {unknown}
 o - a scroll of teleportation {unknown}
Potions
 h - a potion of might {unknown}
 l - a potion of agility {unknown}
 n - 3 potions of resistance {unknown}
 q - a potion of haste {unknown}
Books
 b - a book of Frost

   Spells                             Type                      Level
   a - Freeze                         Ice                          1
   b - Throw Frost                    Conjuration/Ice              2
   c - Ozocubu's Armour               Charms/Ice                   3
   d - Throw Icicle                   Conjuration/Ice              4
   e - Summon Ice Beast               Ice/Summoning                4
Comestibles
 c - a bread ration
 m - 2 royal jellies
 p - a chunk of flesh


   Skills:
 + Level 2.6 Dodging
 + Level 2.5 Stealth
 + Level 2.7 Spellcasting
   Level 1.0 Conjurations
 + Level 3.5 Ice Magic


You had 7 spell levels left.
You knew the following spells:

 Your Spells              Type           Power        Failure   Level  Hunger
a - Freeze                Ice            ###.         12%         1    None


Dungeon Overview and Level Annotations

Branches:
Dungeon (3/15)

Altars:

Portals:
Sewer: D:3

Annotations:
D:3 Paps's ghost, amateur DsGl


Innate Abilities, Weirdness & Mutations

You have sharp fingernails.
You are partially covered in slimy green scales. (AC +2)
You sometimes gain a little power by taking damage.


Message History

Aim: Paps's ghost (moderately damaged)
You freeze Paps's ghost.
Paps's ghost is heavily damaged.
The adder bites you but does no damage. Paps's ghost hits you!
Casting: Freeze
Confirm with . or Enter, or press ? or * to list all spells.
Aiming: Freeze
Press: ? - help, Shift-Dir - straight line, f/p - Paps's ghost
Aim: Paps's ghost (heavily damaged)
You freeze Paps's ghost.
Paps's ghost is heavily damaged.
The adder bites you but does no damage. Paps's ghost hits you!
The adder barely misses you.
You hear the slow rusting of a drain.
Paps's ghost hits you!
* * * LOW HITPOINT WARNING * * *
The kobold wields a blowgun.
The kobold shoots a poisoned needle.
The poisoned needle hits you!
You are lethally poisoned!
You die...

#####.###...### #...#
#.#..$(...## #...#
#...#)..#..## #...#
#...≈≈≈≈≈...# #...#
###.#≈≈≈≈≈≈≈#.# #..<#
###....≈≈≈≈≈≈≈..## #...#
.......≈≈≈∩≈≈≈...# ###.#
###.#..≈≈≈≈≈≈≈≈..#####.##
......#≈≈≈≈≈≈≈#.@.......#
###.#...≈≈≈K≈.S.#########
#.......#≈..#.W##
#.....#......r##
#.....####.#### #.....#
#..# ......# #.## ......#
#. ..%.......


You could see Paps's ghost, an adder, a quokka and a kobold.

Vanquished Creatures
  Terence (D:2)
  2 adders (D:2)
  2 worms (D:2)
  A leopard gecko (D:1)
  An orc (D:3)
  A ball python (D:3)
  6 bats
  6 giant cockroaches
  5 goblins (D:1)
  3 hobgoblins
  6 jackals
  A quokka (D:2)
  3 frilled lizards
  7 kobolds
  7 rats
52 creatures vanquished.

Notes
Turn   | Place    | Note
-------+----------+-------------------------------------------
     0 | D:1      | CODWOMAN the Demonspawn Ice Elementalist began the quest for the Orb.
     0 | D:1      | Reached XP level 1. HP: 13/13 MP: 3/3
    94 | D:1      | Reached skill level 3 in Ice Magic
   289 | D:1      | Gained mutation: You are partially covered in slimy green scales. (AC +2) [demonic ancestry]
   289 | D:1      | Reached XP level 2. HP: 15/19 MP: 3/5
   925 | D:1      | Gained mutation: You have sharp fingernails. [demonic ancestry]
   925 | D:1      | Reached XP level 3. HP: 21/24 MP: 6/6
  1625 | D:2      | Noticed Terence
  1640 | D:2      | Killed Terence
  1640 | D:2      | Gained mutation: You sometimes gain a little power by taking damage. [demonic ancestry]
  1640 | D:2      | Reached XP level 4. HP: 20/30 MP: 0/7
  2517 | D:3      | Found a glowing drain.
  2638 | D:3      | Noticed Paps's ghost (amateur DsGl)
  2659 | D:3      | HP: 1/30 [Paps's ghost (12)]
  2661 | D:3      | Succumbed to a kobold's poison

Skill      XL: |  1  2 |
---------------+-------+-----
Ice Magic      | 3 |  3.5
Stealth        | 2 |  2.5
Dodging        | 2 |  2.6
Spellcasting   | |  2.7
Conjurations   | |  1.0

Action                   |  1- 3 |  4- 6 || total
-------------------------+-------+-------++-------
Melee: Dagger            |    10 |       ||    10
       Short sword       |    95 |       ||    95
       Unarmed           |    59 |   113 ||   172
 Cast: Freeze            |    23 |     7 ||    30
 Stab: Sleeping          |     2 |       ||     2
  Eat: Chunk             |     2 |     4 ||     6
Armor: Robe              |    13 |       ||    13
       Ring mail         |    89 |    82 ||   171
Dodge: Dodged            |   146 |    86 ||   232
